 Dungeon Crawl Stone Soup version 0.30-a0-422-g946f4849ff (webtiles) character file.

Game seed: 13856790731600408372

1703 tsouns the Ruffian (level 8, -3/67 HPs)
             Began as a Troll Enchanter on Dec 9, 2022.
             Was a Priest of Lugonu.
             Slain by a water moccasin (8 damage)
             ... on level 7 of the Dungeon.
             The game lasted 00:09:30 (5267 turns).

tsouns the Ruffian (Troll Enchanter)                Turns: 5267, Time: 00:09:30

Health: -3/67      AC:  8    Str: 17    XL:     8   Next: 73%
Magic:  10/10      EV:  7    Int: 13    God:    Lugonu [***...]
Gold:   237        SH: 13    Dex: 10    Spells: 1/9 levels left

rFire   . . .      SeeInvis .      - Unarmed
rCold   . . .      Faith    .    h - +0 tower shield
rNeg    + . .      Spirit   .    s - +2 robe {rN+}
rPois   .          Reflect  .    (helmet restricted)
rElec   .          Harm     .    q - +1 cloak
rCorr   .          Rampage  .    (gloves unavailable)
Will    .....                    (boots unavailable)
Stlth   ++........               i - amulet of the acrobat
HPRegen 1.11/turn                (no ring)
MPRegen 0.12/turn                (no ring)

@: lethally poisoned (-3 -> -6)
A: large, unfitting armour, claws 3, regeneration 1, shaggy fur 1, tough skin 1
a: Renounce Religion, Depart the Abyss, Banish


You were on level 7 of the Dungeon.
You worshipped Lugonu.
Lugonu was most pleased with you.
You visited 1 branch of the dungeon, and saw 7 of its levels.

You collected 321 gold pieces.
You spent 84 gold pieces at shops.

Inventory:

Hand Weapons
 a - a +2 dagger
Missiles
 o - a throwing net (quivered)
Armour
 h - a +0 tower shield (worn)
 q - a +1 cloak (worn)
 s - a +2 robe of positive energy (worn)
Jewellery
 i - an amulet of the acrobat (around neck)
 m - an amulet of magic regeneration
 p - the amulet of Elemental Vulnerability {rPois rF-- rC-- AC+8}
   (You found it on level 2 of the Dungeon)

   [amulet of nothing]

   AC:        It affects your AC (+8).
   rF:        It makes you very vulnerable to fire.
   rC:        It makes you very vulnerable to cold.
   rPois:     It protects you from poison.
Wands
 w - a wand of roots (12)
 x - a wand of quicksilver (9)
Scrolls
 b - a scroll of brand weapon {unknown}
 r - 2 scrolls of teleportation
Potions
 c - 2 potions of invisibility
 d - 5 potions of curing
 e - a potion of might
 f - a potion of berserk rage
 g - 2 potions of attraction
 j - a potion of heal wounds {unknown}
 k - 2 potions of haste {unknown}
 l - 2 potions of brilliance {unknown}
 n - 2 potions of flight
 t - a potion of magic {unknown}
 u - a potion of lignification {unknown}


   Skills:
 - Level 0.7 Short Blades
 - Level 1.5 Dodging
 - Level 1.5 Stealth
 + Level 5.8 Shields
 + Level 7.1 Unarmed Combat
 - Level 1.2 Spellcasting
 - Level 2.0 Hexes
 + Level 4.8 Invocations


You had one spell level left.
You knew the following spells:

 Your Spells              Type           Power      Damage    Failure   Level
a - Ensorcelled Hibernat  Hex/Ice        6%         N/A       85%         2
b - Confusing Touch       Hex            6%         N/A       91%         3
c - Tukima's Dance        Hex            6%         N/A       91%         3

Your spell library contained the following spells:

 Spells                   Type           Power      Damage    Failure   Level
 Freeze                   Ice            0%         1d3       85%         1
 Dazzling Flash           Conj/Hex       6%         N/A       97%         3
 Inner Flame              Hex/Fire       3%         N/A       97%         3
 Frozen Ramparts          Ice            0%         1d1       99%         3
 Hailstorm                Conj/Ice       0%         3d3       99%         3
 Cause Fear               Hex            3%         N/A       100%        4
 Flame Wave               Conj/Fire      0%         2d4       100%        4
 Iskenderun's Mystic Bla  Conj/Tloc      0%         2d3       100%        4
 Sticky Flame             Conj/Fire      0%         2d3       100%        4
 Starburst                Conj/Fire      0%         6d3       100%        6
 Dragon Form              Tmut           0%         N/A       100%        7
 Dragon's Call            Summ           0%         N/A       100%        9


Dungeon Overview and Level Annotations

Branches:
Dungeon (7/15)             Temple (0/1) D:5

Altars:
Trog
Lugonu

Shops:
D:6 !

Annotations:
D:3 2 transporters, DEFE's ghost, amateur DsWn


Innate Abilities, Weirdness & Mutations

You are too large for most types of armour.
You have claws for hands.
Your natural rate of healing is unusually fast.
You are covered in fur. (AC +1)
You have tough skin. (AC +1)


Message History

You are too injured to fight recklessly!
You are too injured to fight recklessly!
You miss the water moccasin.
The water moccasin is heavily wounded.
You feel very sick.
The water moccasin bites you but does no damage.
You block the water moccasin's attack.
You miss the water moccasin.
The water moccasin is heavily wounded.
You feel very sick. The water moccasin bites you!
You are more poisoned.
The water moccasin poisons you!
You barely miss the water moccasin.
The water moccasin is heavily wounded.
You feel very sick. You block the water moccasin's attack.
The water moccasin bites you.
You are more poisoned.
The water moccasin poisons you!
You scratch the water moccasin.
The water moccasin is severely wounded.
You feel very sick. You block the water moccasin's attack.
The water moccasin bites you but does no damage.
You claw the water moccasin!
The water moccasin is almost dead.
You feel very sick. The water moccasin bites you.
* * * LOW HITPOINT WARNING * * *
You scratch the water moccasin but do no damage.
The water moccasin is almost dead.
* * * LOW HITPOINT WARNING * * *
You feel very sick. You block the water moccasin's attack.
The water moccasin barely misses you.
You barely miss the water moccasin.
The water moccasin is almost dead.
* * * LOW HITPOINT WARNING * * *
You feel very sick. The water moccasin bites you!
You die...

......# #.# ......#
#..###### ......#
#...^...# ......#
#.......# ......###
#.!...$.# ####....#
#(......# . #.##.#
#.....F.##...F
#.##.#########S.......
#.##.........@###.....
#.###########.# >..
..# #.# # ### #.# #.#
#.# #.# #.. ###


You could see a water moccasin and a bullfrog.

Vanquished Creatures
  A black bear (D:6)
  2 ice beasts
  An ogre (D:5)
  A centaur (D:6)
  3 necrophages
  2 scorpions
  3 wights (D:7)
  2 howler monkeys
  2 jellies
  3 hounds
  Crazy Yiuf (D:3)
  3 orc priests
  8 iguanas
  10 gnolls
  3 adders
  2 white imps (D:7)
  An ufetubus (D:5)
  2 worms (D:2)
  A dart slug (D:2)
  17 orcs
  3 ball pythons (D:1)
  8 endoplasms
  4 giant cockroaches
  7 goblins
  7 hobgoblins
  5 jackals
  5 quokkas
  6 bats
  A frilled lizard (D:1)
  8 kobolds
  5 rats
127 creatures vanquished.

Notes
Turn   | Place    | Note
-------+----------+-------------------------------------------
     0 | D:1      | tsouns the Troll Enchanter began the quest for the Orb.
     0 | D:1      | Reached XP level 1. HP: 16/16 MP: 1/1
    56 | D:1      | Reached skill level 1 in Unarmed Combat
   136 | D:1      | Reached XP level 2. HP: 24/24 MP: 2/2
   195 | D:1      | Reached skill level 2 in Unarmed Combat
   318 | D:1      | Learned a level 2 spell: Ensorcelled Hibernation
   543 | D:1      | Reached XP level 3. HP: 31/31 MP: 3/3
   680 | D:2      | You fall into a shaft and drop 2 floors!
   870 | D:3      | Found a transporter.
   875 | D:3      | Noticed DEFE's ghost (amateur DsWn)
  1056 | D:3      | Found a transporter.
  1152 | D:2      | Reached skill level 3 in Unarmed Combat
  1258 | D:2      | Found a faded altar of an unknown god.
  1301 | D:2      | Reached skill level 1 in Shields
  1316 | D:2      | Prayed at the altar of an unknown god.
  1316 | D:2      | Became a worshipper of Lugonu the Unformed
  1316 | D:2      | Reached * piety under Lugonu
  1316 | D:2      | Reached ** piety under Lugonu
  1480 | D:2      | Found the amulet of Elemental Vulnerability {rPois rF--
                  | rC-- AC+8}
  1736 | D:3      | Noticed a necrophage
  1750 | D:3      | Killed a necrophage
  1751 | D:3      | Reached XP level 4. HP: 27/39 MP: 4/4
  1799 | D:3      | Found a runed translucent door.
  1800 | D:3      | Noticed Crazy Yiuf
  1822 | D:3      | Killed Crazy Yiuf
  1823 | D:3      | Reached XP level 5. HP: 40/45 MP: 5/5
  2216 | D:4      | Reached skill level 4 in Unarmed Combat
  2302 | D:4      | Found a bloodstained altar of Trog.
  2473 | D:4      | Reached XP level 6. HP: 53/53 MP: 6/6
  2798 | D:4      | Reached skill level 1 in Invocations
  3066 | D:5      | Entered Level 5 of the Dungeon
  3110 | D:5      | Reached skill level 5 in Unarmed Combat
  3138 | D:5      | Reached *** piety under Lugonu
  3139 | D:5      | Reached XP level 7. HP: 27/59 MP: 7/7
  3366 | D:5      | Learned a level 3 spell: Confusing Touch
  3370 | D:5      | Learned a level 3 spell: Tukima's Dance
  3697 | D:5      | Found a staircase to the Ecumenical Temple.
  4140 | D:6      | Reached skill level 6 in Unarmed Combat
  4195 | D:6      | Reached XP level 8. HP: 32/67 MP: 9/9
  4316 | D:6      | Reached skill level 5 in Shields
  4607 | D:6      | Found Ifral's Distillery.
  4617 | D:6      | Bought a potion of degeneration for 12 gold pieces
  4617 | D:6      | Bought a potion of flight for 36 gold pieces
  4617 | D:6      | Bought a potion of curing for 36 gold pieces
  5179 | D:7      | Reached skill level 7 in Unarmed Combat
  5267 | D:7      | Slain by a water moccasin

Illustrated notes

Levels and vault maps discovered:
D:1:      eino_arrival_cavern_d, layout_basic, minivault_11, st_stairs_4,
          minmay_crystal_water, hex_large, minmay_tetromino_t2
D:2:      layout_rooms, nicolae_ecumenical_lake_church, serial_bayou_crossing
D:3:      layout_loops_corners, gammafunk_ghost_stat_death, serial_glass,
          glass_columns_a, glass_columns_c, grunt_ministairs_3,
          uniq_crazy_yiuf_cottage
D:4:      layout_loops_ring, trog_butcher_becter, minmay_misc_feat_enclosed,
          kennysheep_dice
D:5:      wander_river, layout_basic, minmay_temple_entry_drinking_statues
D:6:      layout_cave_pods, minmay_misc_feat_columns, minmay_holes,
          minmay_shop_grid_forest
D:7:      layout_basic, uniq_menkaure

Skill      XL: |  1  2  3  4  5  6  7  8 |
---------------+-------------------------+-----
Unarmed Combat | 1 2 3 4 5 6 7 |  7.1
Shields        | 2 3 4 5 |  5.8
Invocations    | 2 3 4 |  4.8
Short Blades   | |  0.7
Dodging        | |  1.5
Stealth        | |  1.5
Spellcasting   | |  1.2
Hexes          | |  2.0

Action                   |  1- 3 |  4- 6 |  7- 9 || total
-------------------------+-------+-------+-------++-------
Melee: Unarmed           |   157 |   111 |   194 ||   462
  Use: Scroll            |       |     6 |     7 ||    13
       Potion            |       |       |     1 ||     1
 Stab: Sleeping          |     3 |     3 |     1 ||     7
       Distracted        |     1 |       |       ||     1
Armor: Robe              |    53 |    29 |    61 ||   143
Dodge: Dodged            |    44 |    21 |    50 ||   115
Block: Tower shield      |    43 |    38 |   119 ||   200

Table legend: (Time is in decaauts)
 A = Elapsed time spent in this place.
 B = Non-inter-level travel time spent in this place.
 C = Inter-level travel time spent in this place.
 D = Time resting spent in this place.
 E = Time spent auto-exploring this place.
 F = Levels seen in this place.
 G = Mean time per level.
                   A        B        C        D        E       F      G
               +--------+--------+--------+--------+--------+-----+--------+
         Total |   5345 |   5079 |    266 |      0 |   3902 |   7 |  763.6 |
       Dungeon |   5345 |   5079 |    266 |      0 |   3902 |   7 |  763.6 |
               +--------+--------+--------+--------+--------+-----+--------+

Top non-repeatable levels by time:
     D:5: 1040 daAuts
     D:6: 1014 daAuts
     D:4: 962 daAuts
     D:3: 906 daAuts
     D:1: 678 daAuts
     D:2: 560 daAuts
     D:7: 181 daAuts
